 Dungeon Crawl Stone Soup version 0.31-a0-986-g5e6e4ef867 (webtiles) character file.

Game seed: 2789989538813739808

12 serber55 the Sneak (level 2, -8/22 HPs)
             Began as a Demonspawn Brigand on Nov 15, 2023.
             Mangled by a gnoll
             ... wielding a +0 halberd
              (12 damage)
             ... on level 2 of the Dungeon.
             The game lasted 00:03:02 (849 turns).

serber55 the Sneak (Demonspawn Brigand)              Turns: 849, Time: 00:03:03

Health: -8/22      AC:  3    Str: 11    XL:     2   Next: 20%
Magic:  0/2        EV: 17    Int: 12    God:
Gold:   89         SH:  0    Dex: 14    Spells: 1/1 levels left

rFire   . . .        a - +2 dagger
rCold   . . .        (no shield)
rNeg    . . .        b - +0 robe
rPois   .            (no helmet)
rElec   .            c - +0 cloak
rCorr   .            (no gloves)
SInv    .            (no boots)
Will    +....        h - amulet of guardian spirit
Stlth   ++           i - +5 ring of evasion
HPRegen 0.23/turn    n - ring of willpower
MPRegen 0.08/turn

%: guardian spirit
@: no status effects
A: demonic touch 1
a: no special abilities


You were on level 2 of the Dungeon.
You visited 1 branch of the dungeon, and saw 2 of its levels.

You collected 89 gold pieces.

Inventory:

Hand Weapons
 a - a +2 dagger (weapon)
Missiles
 d - 12 poisoned darts (quivered)
 e - 3 curare-tipped darts
Armour
 b - a +0 robe (worn)
 c - a +0 cloak (worn)
Jewellery
 h - an amulet of guardian spirit (around neck)
 i - a +5 ring of evasion (left hand)
 n - a ring of willpower (right hand)
Scrolls
 f - a scroll of noise {unknown}
 g - a scroll of vulnerability {unknown}
 k - a scroll of teleportation {unknown}
Potions
 j - 2 potions of lignification {unknown}
 l - a potion of might {unknown}
 m - a potion of mutation {unknown}


   Skills:
 + Level 2.2 Fighting
 * Level 2.1 Short Blades
 - Level 1.7 Throwing
 + Level 1.1 Dodging
 + Level 3.7 Stealth


You had one spell level left.
You didn't know any spells.
Your spell library contained the following spells:

 Spells                   Type           Power      Damage    Failure   Level
 Ozocubu's Armour         Ice            0%         N/A       69%         3
 Metabolic Englaciation   Hex/Ice        0%         N/A       100%        5
 Simulacrum               Ice/Necr       0%         N/A       100%        6


Dungeon Overview and Level Annotations

Branches:
Dungeon (2/15)

Altars:


Innate Abilities, Weirdness & Mutations

Your touch may inflict minor irresistible damage on your foes.


Message History

You now have 80 gold pieces (gained 11).
Found a ring mail.
n - a ring of willpower
n - a ring of willpower (right hand)
An endoplasm comes into view.
Found 9 gold pieces.
The endoplasm quivers.
The endoplasm misses you.
You hit the endoplasm.
You touch the endoplasm.
You kill the endoplasm!
No target in view!
A gnoll comes into view. It is wielding a +0 flail.
Found 8 gold pieces.
You see here 9 gold pieces.
You now have 89 gold pieces (gained 9).
A gnoll comes into view. It is wielding a +0 whip.
A gnoll comes into view. It is wielding a +0 halberd.
The gnoll shouts! x3
The gnoll attacks as it pursues you! The gnoll misses you.
The gnoll attacks as it pursues you! The gnoll hits you with a +0 flail!
You don't know any spells.
Sorry, you're not good enough to have a special ability.
Unknown command.
You barely miss the gnoll. The gnoll misses you.
You barely miss the gnoll.
You touch the gnoll!
The gnoll is severely wounded.
The gnoll closely misses you.
You barely miss the gnoll.
The gnoll is severely wounded.
The gnoll misses you.
The gnoll hits you from afar with a +0 halberd!
You hit the gnoll.
The gnoll is almost dead.
The gnoll hits you with a +0 flail.
* * * LOW HITPOINT WARNING * * *
The gnoll completely misses you. The gnoll attacks as it pursues you!
The gnoll hits you from afar with a +0 halberd!
Ouch! That really hurt!
You die...

##........###....
.........##.)...
#..$.....##.....
........##..... ...g...
#..... #...#####.....
#####.#..^........ #
#.gg.....#####....
##.#@##g##### #.....
........##.# #.....
...........## ###.....
#.####.#....####........
#.##....##..##..... #.
##.#..#.####.... ##
#.##....####...
#.#...#......#.
#....#######...


You could see 2 gnolls.

Vanquished Creatures
  A bat (D:1)
  3 endoplasms
  2 kobolds (D:1)
  A quokka (D:1)
  A ball python (D:2)
  A frilled lizard (D:2)
  2 rats (D:1)
11 creatures vanquished.

Notes
Turn   | Place    | Note
-------+----------+-------------------------------------------
     0 | D:1      | serber55 the Demonspawn Brigand began the quest for the
                  | Orb.
     0 | D:1      | Reached XP level 1. HP: 16/16 MP: 1/1
    77 | D:1      | Reached skill level 1 in Dodging
   145 | D:1      | Found a faded altar of an unknown god.
   579 | D:1      | Gained mutation: Your touch may inflict minor irresistible
                  | damage on your foes. [demonic ancestry]
   579 | D:1      | Reached XP level 2. HP: 22/22 MP: 2/2
   849 | D:2      | Mangled by a gnoll

Illustrated notes

Levels and vault maps discovered:
D:1:      amcnicky_arrival_double_pillar, layout_loops_ring, serial_bayou,
          serial_bayou_lagoon_a, serial_bayou_shore_a, serial_bayou_pond_d,
          serial_bayou_shore_b, ebering_ecumenical_altar_abandoned
D:2:      layout_rooms

Skill      XL: |  1 |
---------------+----+-----
Dodging        | 1 |  1.1
Short Blades   | 2 |  2.1
Fighting       | |  2.2
Throwing       | |  1.7
Stealth        | |  3.7

Action                     || total
---------------------------++-------
  Melee: Dagger            ||    26
         Touch             ||     3
   Stab: Sleeping          ||     2
         Distracted        ||     1
 Armour: Robe              ||     9
  Dodge: Dodged            ||    13

Table legend: (Time is in decaauts)
 A = Elapsed time spent in this place.
 B = Non-inter-level travel time spent in this place.
 C = Inter-level travel time spent in this place.
 D = Time resting spent in this place.
 E = Time spent auto-exploring this place.
 F = Levels seen in this place.
 G = Mean time per level.
                   A        B        C        D        E       F      G
               +--------+--------+--------+--------+--------+-----+--------+
         Total |    866 |    837 |     29 |      0 |    711 |   2 |  433.0 |
       Dungeon |    866 |    837 |     29 |      0 |    711 |   2 |  433.0 |
               +--------+--------+--------+--------+--------+-----+--------+

Top non-repeatable levels by time:
     D:1: 807 daAuts
     D:2: 59 daAuts
